 Dungeon Crawl Stone Soup version 0.20-a0-299-gec7c366 (webtiles) character file.

29 Lochraine the Sneak (level 3, 0/16 HPs)
             Began as a Spriggan Enchanter on Dec 15, 2016.
             Slain by an adder (1 damage)
             ... on level 2 of the Dungeon.
             The game lasted 00:04:24 (1438 turns).

Lochraine the Sneak (Spriggan Enchanter)            Turns: 1438, Time: 00:04:24

Health: 0/16       AC:  3    Str:  5    XL:     3   Next: 1%
Magic:  0/8        EV: 24    Int: 21    God:
Gold:   15         SH:  0    Dex: 21    Spells: 5/8 levels left

rFire  . . .     SeeInvis +     a - +1 dagger
rCold  . . .     Gourm    .     b - +1 robe
rNeg   . . .     Faith    .     (shield restricted)
rPois  .         Spirit   .     (helmet restricted)
rElec  .         Reflect  .     (no cloak)
rCorr  .         Harm     .     (gloves unavailable)
MR     .....                    (boots unavailable)
Stlth  ++++......               (no amulet)
                                (no ring)
                                (no ring)

@: brilliant, agile, very slightly contaminated, very quick
A: unfitting armour, see invisible, herbivore 3, speed 3, slow metabolism 2
a: no special abilities


You were on level 2 of the Dungeon.
You were not hungry.

You visited 1 branch of the dungeon, and saw 2 of its levels.

You collected 15 gold pieces.

Inventory:

Hand Weapons
 a - a +1 dagger (weapon)
 p - a +0 short sword
Armour
 b - a +1 robe (worn)
 o - a +0 leather armour
Jewellery
 h - an uncursed ring of stealth {unknown}
Scrolls
 e - a scroll of remove curse {unknown}
 f - a scroll of teleportation {unknown}
 g - a scroll of identify
 m - a scroll of fog {unknown}
Potions
 j - 2 potions of brilliance
 n - a potion of heal wounds
Books
 c - a book of Maledictions

   Spells                             Type                      Level
   a - Corona                         Hexes                        1
   b - Ensorcelled Hibernation        Hexes/Ice                    2
   c - Confuse                        Hexes                        3
   d - Tukima's Dance                 Hexes                        3
   e - Dazzling Spray                 Conjuration/Hexes            3
Comestibles
 d - 2 bread rations


   Skills:
 + Level 1.5 Short Blades
 + Level 3.5 Dodging
 + Level 4.7 Stealth
 + Level 3.1 Spellcasting
 + Level 4.1 Hexes


You had 5 spell levels left.
You knew the following spells:

 Your Spells              Type           Power        Failure   Level  Hunger
a - Corona                Hex            ####...      1%          1    None
b - Ensorcelled Hibernat  Hex/Ice        ###...       1%          2    ##.....


Dungeon Overview and Level Annotations

Branches:
Dungeon (2/15)

Altars:
Nemelex Xobeh

Annotations:
D:2 Jessica


Innate Abilities, Weirdness & Mutations

You are very small and have problems with some larger weapons.
You are too small for most types of armour.
You have supernaturally acute eyesight. (SInv)
You are a herbivore.
You cover ground extremely quickly.
You need consume almost no food.


Message History

The dart slug is heavily wounded.
The adder bites you but does no damage.
Jessica casts a spell.
Jessica blinks!
The dart slug misses you. The adder completely misses you.
You hit the dart slug.
The dart slug is almost dead.
The adder misses you. The dart slug completely misses you.
You hit the dart slug.
You kill the dart slug!
You have reached level 3!
Your experience leads to an increase in your attributes!
Your base attributes are Str 4, Int 16, Dex 16.
Increase (S)trength, (I)ntelligence, or (D)exterity?
You feel stronger. Jessica gestures at you while chanting.
Pain shoots through your body!
Ouch! That really hurt!
* * * LOW HITPOINT WARNING * * *
The adder bites you.
You die...

.#....### .. .#.#### .# .#.#
## @# .#.# $. .. ...# #. ##
.# ...# # #.#.##.# #..# ##.
#..$#.##
#..#########...####....#####
#.............§S@†@.........
#.##########...####....####.
#....).......> #.#.##
#.#################.#...
#...................#####
#####################


You could see an adder and Jessica.

Vanquished Creatures
  A dart slug (D:2)
  2 leopard geckos (D:1)
  A ball python (D:1)
  2 bats
  A giant cockroach (D:1)
  4 hobgoblins (D:1)
  2 jackals (D:1)
  2 kobolds
  6 frilled lizards
  3 rats
24 creatures vanquished.

Notes
Turn   | Place    | Note
-------+----------+-------------------------------------------
     0 | D:1      | Lochraine the Spriggan Enchanter began the quest for the Orb.
     0 | D:1      | Reached XP level 1. HP: 9/9 MP: 5/5
   602 | D:1      | Found a sparkling altar of Nemelex Xobeh.
   628 | D:1      | Reached XP level 2. HP: 13/13 MP: 6/6
   635 | D:1      | Learned a level 2 spell: Ensorcelled Hibernation
  1417 | D:2      | Noticed Jessica
  1438 | D:2      | Reached XP level 3. HP: 9/16 MP: 0/8
  1438 | D:2      | Slain by an adder

Vault maps used:
D:1:      eino_arrival_water_star, nemelex_diamond_rough_becter
D:2:      nicolae_ru_the_path_less_chosen, grunt_decor_mini_mirrors,
          uniq_jessica

Skill      XL: |  1  2 |
---------------+-------+-----
Spellcasting   | 3 |  3.1
Hexes          | 4 |  4.1
Short Blades   | |  1.5
Dodging        | |  3.5
Stealth        | |  4.7

Action                   || total
-------------------------++-------
Melee: Dagger            ||    70
 Cast: Corona            ||     7
       Ensorcelled Hiber ||    11
  Use: Potion            ||     4
       Scroll            ||     1
 Stab: Sleeping          ||     9
Armor: Robe              ||    10
Dodge: Dodged            ||    51
